AoeStats
← anan_92

Arabia

509942665Analyzed
2v2 RM · 5d ago on Sep 28, 2026· 36m 30s· 4 players
Game mode
Random Map
Map size
Medium (4 player)
Population
200
Speed
Normal
Resources
Standard
Victory
Conquest
Starting age
Dark Age
Ending age
Imperial Age
RankedLock teamsTeams togetherTeam positionsShared explorationLock speedFull tech treeHidden civsTurbo modeCheats
Victory
Defeat
🇳🇱 Ethiopians · Netherlands
863
+13
🇳🇱 Magyars · Netherlands
860
+14
🇦🇷 Slavs · Argentina
868
-16
🇩🇰 Celts · Denmark
744
-11
Kato
11:38 Feudal Age
9:55 Loom
13:05 Double-Bit Axe
13:04 Horse Collar
12:58 Man-at-Arms
23:25 Fletching
26:34 Forging
26:24 Scale Mail Armor
Lord Malbec
17:05 Feudal Age
17:10 Loom
19:05 Wheelbarrow
18:01 Man-at-Arms
18:51 Double-Bit Axe
20:15 Bloodlines
20:20 Scale Barding Armor
20:27 Forging
31:57 Castle Age
31:14 Scale Mail Armor
32:06 Gold Mining
33:19 Pikeman
Kataphraktos
7:12 Loom
10:35 Feudal Age
11:11 Double-Bit Axe
11:08 Horse Collar
11:58 Fletching
17:58 Wheelbarrow
17:48 Padded Archer Armor
24:21 Castle Age
22:57 Town Watch
23:07 Gold Mining
24:32 Crossbowman
25:09 Bodkin Arrow
25:29 Leather Archer Armor
25:39 Bow Saw
28:34 Ballistics
30:17 Hand Cart
30:39 Heavy Plow
30:55 Town Patrol
32:55 Thumb Ring
38:51 Imperial Age
36:29 Stone Mining
37:19 Gold Shaft Mining
anan_92
11:05 Feudal Age
9:22 Loom
20:51 Castle Age
20:04 Bloodlines
20:30 Horse Collar
21:19 Double-Bit Axe
22:47 Wheelbarrow
22:54 Light Cavalry
23:36 Husbandry
24:45 Heavy Plow
24:58 Bow Saw
28:59 Scale Barding Armor
Connection lost

Rejoining the realm…

Still unreachable

The connection could not be restored.

Session expired

The server has moved on; the page needs a fresh start.